Construct Infanterie Kompanie
Selects Mechanized Battlegroup
Construct Luftwaffe Kompanie
Selects Mobile Repair Stations
Flak 30 Anti-aircraft Gun Team
Selects Wespe Self-propelled Artillery
Wespe Self-propelled Artillery
Wespe Self-propelled Artillery
Marder III M Tank Destroyer
Marder III M Tank Destroyer
Wespe Self-propelled Artillery
Selects StuG Assault Group
Selects Mechanized Assault
Construct Panzer Kompanie
Selects UNKNOWN (2160084)